 Dungeon Sprint DCSS version 0.17-a0-226-ge260c71 (webtiles) character file.

462161 BluebellGnoll the End of an Era (level 19, 189/189 HPs)
             Began as a Merfolk Gladiator on Mar 28, 2015.
             Was the Champion of Qazlal.
             Escaped with the Orb!
             The game lasted 01:24:57 (9870 turns).

BluebellGnoll the End of an Era (Merfolk Gladiator) Turns: 9870, Time: 01:24:57

Health: 189/189    AC: 46    Str: 27    XL:     19   Next: 19%
Magic:  50/50      EV: 10    Int:  6    God:    Qazlal [******]
Gold:   0          SH: 47    Dex: 35    Spells: 5 memorised, 7 levels left

rFire  + + +     SeeInvis .     t - +10 lance "Wyrmbane" {slay drac, +Rage rPois rF+ AC+5}
rCold  + + +     Clarity  .     I - +12 gold dragon armour
rNeg   + + +     SustAb   .     q - +18 shield of the gong {rElec rN+ MR+ EV-5}
rPois  +         Gourm    +     (no helmet)
rElec  +         Spirit   .     c - +2 cloak {+Inv}
rCorr  +         Warding  .     P - +2 pair of gloves {Dex+3}
rMut   .         NoTele   +     r - +0 pair of boots {Fly}
MR     ++...                    W - amulet "Alesaud" {Gourm +Blink rF++ MP+9 Int-5}
Stlth  ..........               u - +6 ring of strength
                                m - ring "Ichion" {rPois rC+ rN+++ Int+4 Dex+5}

@: mighty, agile, resistant, flying, very slightly contaminated, hasted, repel
missiles, invisible, very quick, very resistant to hostile enchantments,
extremely unstealthy
A: change form in water, swift swim
a: Upheaval, Elemental Force, Disaster Area, Renounce Religion, Evoke Blink,
Evoke Berserk Rage, Stop Flying
0: Orb of Zot


You escaped.
You worshipped Qazlal.
Qazlal was exalted by your worship.
You were not hungry.

You visited 1 branch

Inventory:

Hand weapons
 t - the +10 lance "Wyrmbane" (weapon) {slay drac, +Rage rPois rF+ AC+5}
   (You found it in the Dungeon)

   It affects your AC (+5).
   It protects you from fire.
   It protects you from poison.
   It lets you go berserk.
 L - a +5 demon trident of piercing
Missiles
 d - 3 throwing nets
 V - 10 javelins (quivered)
Armour
 c - a +2 cloak of invisibility (worn)
 q - the +18 shield of the gong (worn) {rElec rN+ MR+ EV-5}
   (You found it in the Dungeon)

   It affects your evasion (-5).
   It insulates you from electricity.
   It protects you from negative energy.
   It affects your resistance to hostile enchantments.
 r - a +0 pair of boots of flying (worn)
 I - a +12 gold dragon armour (worn)
 P - a +2 pair of gloves of dexterity (worn)
Rods
 a - a +4 rod of destruction (14/14)
   (You found it in the Dungeon)
 O - a +4 lightning rod (11/11)
   (You found it in the Dungeon)
 Q - a +3 iron rod (12/12)
   (You took it off a frost giant in the Dungeon)
Jewellery
 m - the ring "Ichion" (left hand) {rPois rC+ rN+++ Int+4 Dex+5}
   (You found it in the Dungeon)

   [ring of dexterity]

   It affects your intelligence (+4).
   It affects your dexterity (+5).
   It protects you from cold.
   It protects you from poison.
   It renders you almost immune to negative energy.
 n - the ring of the Unkillable {+Fly rPois rN+ Slay+3 Stlth+}
   (You took it off a greater naga in the Dungeon)

   [ring of flight]

   It affects your accuracy and damage with ranged weapons and melee attacks
   (+3).
   It protects you from poison.
   It protects you from negative energy.
   It lets you fly.
   It makes you more stealthy.
 s - an uncursed amulet of clarity
 u - a +6 ring of strength (right hand)
 x - the ring of Xygredu {SustAb +Blink rC+ Str+2}
   (You found it in the Dungeon)

   [ring of sustain abilities]

   It sustains your strength, intelligence and dexterity.
   It affects your strength (+2).
   It protects you from cold.
   It lets you blink.
 N - the amulet of Kuocuf {rCorr rPois rF+ Str-3 Slay+2}
   (You found it in the Dungeon)

   [amulet of resist corrosion]

   It protects you from acid and corrosion.
   It affects your strength (-3).
   It affects your accuracy and damage with ranged weapons and melee attacks
   (+2).
   It protects you from fire.
   It protects you from poison.
 R - the amulet "Wastroz" {rMut -Tele rC++ Stlth+}
   (You found it in the Dungeon)

   [amulet of resist mutation]

   It protects you from mutation.
   It greatly protects you from cold.
   It prevents most forms of teleportation.
   It makes you more stealthy.
 W - the amulet "Alesaud" (around neck) {Gourm +Blink rF++ MP+9 Int-5}
   (You found it in the Dungeon)

   [amulet of the gourmand]

   It allows you to eat raw meat even when not hungry.
   It affects your intelligence (-5).
   It greatly protects you from fire.
   It affects your magic capacity (+9).
   It lets you blink.
 Y - the ring of Mousuqum {rElec rPois rF++ MR+ Dex+4 Stlth-}
   (You took it off a vampire in the Dungeon)

   [ring of loudness]

   It affects your dexterity (+4).
   It greatly protects you from fire.
   It insulates you from electricity.
   It protects you from poison.
   It affects your resistance to hostile enchantments.
   It makes you less stealthy.
Magical devices
 l - a wand of disintegration (6)
Scrolls
 k - 3 scrolls of blinking
 p - a scroll of brand weapon
 y - 4 scrolls of recharging
 z - 7 scrolls of fog
 A - 3 scrolls of holy word
 B - 5 scrolls of identify
 C - 4 scrolls of remove curse
 D - 2 scrolls of fear
Potions
 e - 8 potions of curing
 g - 9 potions of heal wounds
 h - 4 potions of haste
 i - 7 potions of magic
 j - 3 potions of berserk rage
 G - 2 potions of restore abilities
 H - 3 potions of resistance
 J - 2 potions of agility
 K - 2 potions of might
Miscellaneous
 b - a phial of floods
 o - a sack of spiders
 E - a fan of gales
 M - a plain deck of summoning {drawn: 4}
 S - a stone of tremors
 T - a plain deck of escape
 U - a lamp of fire
 X - a sack of spiders
 Z - 2 phantom mirrors
Comestibles
 f - 5 bread rations
 v - 42 fruits


   Skills:
 O Level 27 Fighting
 O Level 27 Polearms
 - Level 18.0 Throwing
 + Level 16.1 Armour
 - Level 4.0 Dodging
 O Level 27 Shields
 O Level 27 Invocations
 O Level 27 Evocations


You had 7 spell levels left.
You knew the following spells:

 Your Spells              Type           Power        Failure   Level  Hunger
a - Regeneration          Chrm/Necr      #.........   100%        3    ####...
b - Shroud of Golubria    Chrm/Tloc      #.........   100%        2    ###....
c - Spectral Weapon       Hex/Chrm       #.......     100%        3    ####...
d - Apportation           Tloc           #.........   100%        1    ##.....
e - Blink                 Tloc           N/A          100%        2    ###....


Dungeon Overview and Level Annotations

Branches:
Dungeon (1/1)

Altars:
Ashenzari
Cheibriados
Dithmenos
Elyvilon
Fedhas
Gozag
Kikubaaqudgha
Makhleb
Nemelex Xobeh
Okawaru
Qazlal
Ru
Sif Muna
Trog
Vehumet
Xom
Yredelemnul
Zin
The Shining One
Beogh
Jiyva
Lugonu


Message History

You start waiting.
You start waiting.
You start waiting.
You start waiting.
Drink which item? (? for menu, Esc to quit)
You feel very mighty all of a sudden.
Drink which item? (? for menu, Esc to quit)
You feel agile all of a sudden.
Drink which item? (? for menu, Esc to quit)
You feel protected.
Drink which item? (? for menu, Esc to quit)
You feel yourself speed up.
You are very lightly contaminated with residual magic.
Drink which item? (? for menu, Esc to quit)
You feel much better.
Drink which item? (? for menu, Esc to quit)
You fade into invisibility!
Evoke which item? (* to show all) (? for menu, Esc to quit)
Okay, then.
You have escaped!

............▓..▓.......▓..▓...8©8
.!..........▓.▓▓▓.....▓▓▓.▓..:|)[
............▓..▓....)†.▓..▓..§§}.
)...........▓.......).....▓.....§
............▓.............▓......
............▓▓▓▓▓▓▓▓▓▓▓▓▓▓▓......
▓.......▓...▓8888888888888▓......
▓▓.....▓▓▓..▓8...§§......8▓..▓...
▓.......▓...▓8§§@.§......8▓.▓....
............▓8..))§).....8▓......
............▓8888888888888▓▓▓▓▓▓▓
▓▓▓▓▓▓▓▓▓▓▓▓▓▓▓▓▓▓▓▓▓▓▓▓▓▓▓▓▓▓▓▓▓
.....8©8........▓........8©8.....
.....[..§|)[[)}.▓.)....)§...§.[?"
..):=)..§....)}.▓........:.§..[..
.)...:.§.)...=..▓..)|......)..:).
................▓................


There were no monsters in sight!

Vanquished Creatures
  3 pandemonium lords (D)
  2 liches (D)
  7 Ice Fiends (D)
  5 Orb Guardians (D)
  2 deep elf master archers (D)
  14 acid blobs (D)
  An Executioner (D)
  2 krakens (D)
  A Shadow Fiend (D)
  9 azure jellies (D)
  5 shadow dragons (D)
  6 greater nagas (D)
  A frost giant (D)
  An orc warlord (D)
  2 balrugs (D)
  2 deep elf sorcerers (D)
  7 ghouls (D)
  8 reapers (D)
  2 deep elf annihilators (D)
  A green death (D)
  A blizzard demon (D)
  A merfolk javelineer (D)
  A deep elf high priest (D)
  6 death oozes (D)
  2 merfolk impalers (D)
  A great orb of eyes (D)
  A hydra (D)
  2 ice dragons (D)
  A naga warrior (D)
  3 merfolk aquamancers (D)
  A centaur warrior (D)
  An alligator snapping turtle (D)
  10 anacondas (D)
  2 sun demons (D)
  5 hell hogs (D)
  18 soul eaters (D)
  A hell knight (D)
  2 skeletal warriors (D)
  11 ice devils (D)
  A deep elf summoner (D)
  A large abomination (D)
  2 giant orange brains (D)
  A putrid demonspawn (D)
  A flayed ghost (D)
  A torturous demonspawn (D)
  A phantasmal warrior (D)
  3 cyclopes (D)
  A deep elf conjurer (D)
  5 shining eyes (D)
  2 fire elementals (D)
  2 orc knights (D)
  12 rust devils (D)
  5 guardian serpents (D)
  3 smoke demons (D)
  3 eyes of devastation (D)
  9 hellions (D)
  17 water elementals (D)
  7 naga magi (D)
  A black mamba (D)
  4 yaktaurs (D)
  4 hellwings (D)
  3 orange demons (D)
  2 efreet (D)
  10 tormentors (D)
  A deep elf priest (D)
  5 merfolk (D)
  4 freezing wraiths (D)
  2 polar bears (D)
  A wind drake (D)
  8 red devils (D)
  8 blue devils (D)
  5 fire vortices (D)
  A raiju (D)
  A basilisk (D)
  A ynoxinul (D)
  4 spriggans (D)
  4 shadows (D)
  18 slime creatures (D)
  5 vampires (D)
  7 wraiths (D)
  A deep elf mage (D)
  2 deep elf fighters (D)
  3 golden eyes (D)
  3 hippogriffs (D)
  2 wolves (D)
  8 nagas (D)
  10 water moccasins (D)
  A wasp (D)
  8 hell hounds (D)
  A black bear (D)
  4 ice beasts (D)
  6 centaurs (D)
  A necrophage (D)
  An eye of draining (D)
  A giant frog (D)
  4 wights (D)
  A quasit (D)
  A crimson imp (D)
  7 jellies (D)
  17 iron imps (D)
  2 orc wizards (D)
  2 orc priests (D)
  4 sheep (D)
  A mummy (D)
  6 adders (D)
  5 white imps (D)
  A shadow imp (D)
  A giant eyeball (D)
  An ufetubus (D)
  11 adder zombies (D)
  14 adder skeletons (D)
  10 orcs (D)
  2 spectral bats (D)
  A bat simulacrum (D)
  12 bat skeletons (D)
  9 bat zombies (D)
  A goblin (D)
  A jackal (D)
  5 ball pythons (D)
  A ball python skeleton (D)
  3 ball python zombies (D)
  9 giant cockroach zombies (D)
  A giant gecko simulacrum (D)
  4 giant gecko skeletons (D)
  2 giant gecko zombies (D)
  3 jackal skeletons (D)
  6 jackal zombies (D)
  A quokka simulacrum (D)
  2 quokka skeletons (D)
  3 quokka zombies (D)
  A spectral quokka (D)
  16 butterflies (D)
  2 fungi (D)
552 creatures vanquished.

Vanquished Creatures (collateral kills)
  A pandemonium lord (D)
  3 acid blobs (D)
  5 azure jellies (D)
  2 greater nagas (D)
  A ghoul (D)
  3 death oozes (D)
  4 great orbs of eyes (D)
  A blizzard demon (D)
  A naga warrior (D)
  A giant orange brain (D)
  4 shining eyes (D)
  2 water elementals (D)
  2 eyes of devastation (D)
  A red devil (D)
  11 slime creatures (D)
  A shadow (D)
  A large abomination (D)
  2 nagas (D)
  An eye of draining (D)
  A giant eyeball (D)
48 creatures vanquished.

Vanquished Creatures (others)
  A giant orange brain (D)
  An ugly thing (D)
  7 sixfirhies (D)
  21 fire elementals (D)
  23 water elementals (D)
  4 earth elementals (D)
  A flying skull (D)
  A ynoxinul (D)
  4 golden eyes (D)
  2 centaurs (D)
  3 shadow imps (D)
  2 ufetubi (D)
  2 white imps (D)
  An adder skeleton (D)
  A bat skeleton (D)
  A giant cockroach zombie (D)
  A quokka skeleton (D)
  3 butterflies (D)
79 creatures vanquished.

Grand Total: 679 creatures vanquished

Notes
Turn   | Place    | Note
--------------------------------------------------------------
     0 | D        | BluebellGnoll, the Merfolk Gladiator, began the quest for the Orb.
     0 | D        | Reached XP level 1. HP: 16/16 MP: 1/1
     0 | D        | Found a viscous altar of Jiyva.
     0 | D        | Found a corrupted altar of Lugonu.
     0 | D        | Found a white marble altar of Elyvilon.
     2 | D        | Found a sparkling altar of Nemelex Xobeh.
     2 | D        | Found a burning altar of Makhleb.
     3 | D        | Found a deep blue altar of Sif Muna.
     3 | D        | Found a bloodstained altar of Trog.
     6 | D        | Found an iron altar of Okawaru.
    15 | D        | Found a radiant altar of Vehumet.
    21 | D        | Found a basalt altar of Yredelemnul.
    22 | D        | Found a shimmering altar of Xom.
    30 | D        | Reached skill level 5 in Armour
    30 | D        | Reached XP level 2. HP: 22/22 MP: 2/2
    66 | D        | Became a worshipper of Qazlal Stormbringer
    93 | D        | Entered arena 1.
    93 | D        | Noticed an orc wizard
    93 | D        | Noticed an orc priest
    94 | D        | Killed an orc priest
    94 | D        | Reached skill level 6 in Polearms
    94 | D        | Reached XP level 3. HP: 26/29 MP: 3/3
   101 | D        | Killed an orc wizard
   101 | D        | Reached skill level 7 in Polearms
   136 | D        | Entered arena 2.
   136 | D        | Noticed a giant frog
   141 | D        | Killed a giant frog
   141 | D        | Acquired Qazlal's first power
   141 | D        | Reached skill level 5 in Fighting
   141 | D        | Reached skill level 9 in Polearms
   141 | D        | Reached XP level 4. HP: 35/39 MP: 4/4
   144 | D        | Reached skill level 10 in Polearms
   144 | D        | Reached XP level 5. HP: 40/46 MP: 5/5
   155 | D        | Got the amulet "Lanixt" {Spirit rF+ MP-9 Dex+7}
   185 | D        | Entered arena 3.
   185 | D        | Noticed a hell hound
   185 | D        | Noticed a hell hog
   185 | D        | Noticed a fire vortex
   185 | D        | Noticed a fire vortex
   191 | D        | Killed a fire vortex
   191 | D        | Reached XP level 6. HP: 52/52 MP: 0/17
   197 | D        | Killed a hell hog
   197 | D        | Acquired Qazlal's second power
   197 | D        | Reached skill level 13 in Invocations
   197 | D        | Reached XP level 7. HP: 54/58 MP: 0/22
   197 | D        | Reached XP level 8. HP: 59/64 MP: 0/24
   200 | D        | Killed a hell hound
   200 | D        | Reached skill level 14 in Invocations
   204 | D        | Killed a fire vortex
   204 | D        | Reached skill level 15 in Invocations
   211 | D        | Entered arena 4.
   211 | D        | Noticed an orc wizard
   211 | D        | Noticed an orc priest
   215 | D        | Killed an orc priest
   219 | D        | Killed an orc wizard
   221 | D        | Acquired Qazlal's third power
   239 | D        | Entered arena 5.
   239 | D        | Noticed a water moccasin
   240 | D        | Killed a water moccasin
   240 | D        | Acquired Qazlal's fourth power
   245 | D        | Identified Linoipew's Papyrus of Transformation (You found it in the Dungeon)
   246 | D        | Identified the Almanac of the Freezing Escort (You found it in the Dungeon)
   250 | D        | Entered arena 6.
   250 | D        | Noticed a fire vortex
   250 | D        | Noticed an efreet
   250 | D        | Noticed a fire vortex
   250 | D        | Noticed an efreet
   250 | D        | Noticed a fire vortex
   250 | D        | Noticed a hell hog
   263 | D        | Killed a hell hog
   263 | D        | Reached XP level 9. HP: 66/76 MP: 4/26
   267 | D        | Killed an efreet
   281 | D        | Killed an efreet
   281 | D        | Acquired Qazlal's fifth power
   281 | D        | Reached skill level 10 in Fighting
   284 | D        | Killed a fire vortex
   284 | D        | Reached skill level 15 in Polearms
   286 | D        | Killed a fire vortex
   290 | D        | Killed a fire vortex
   390 | D        | Entered arena 7.
   390 | D        | Noticed a hippogriff
   390 | D        | Noticed a centaur
   390 | D        | Noticed a centaur
   390 | D        | Noticed a centaur
   390 | D        | Noticed a hippogriff
   391 | D        | Killed a hippogriff
   391 | D        | Killed a centaur
   391 | D        | Reached XP level 10. HP: 89/89 MP: 18/27
   391 | D        | Killed a centaur
   392 | D        | Killed a hippogriff
   392 | D        | Killed a centaur
   392 | D        | Reached skill level 5 in Shields
   409 | D        | Learned a level 3 spell: Regeneration
   412 | D        | Learned a level 2 spell: Shroud of Golubria
   416 | D        | Learned a level 3 spell: Spectral Weapon
   441 | D        | Entered arena 8.
   441 | D        | Noticed a wolf
   441 | D        | Noticed a spriggan
   441 | D        | Noticed a black bear
   441 | D        | Noticed a wolf
   441 | D        | Noticed a spriggan
   441 | D        | Noticed a spriggan rider
   441 | D        | Noticed a spriggan
   444 | D        | Killed a wolf
   445 | D        | Killed a spriggan
   446 | D        | Killed a wasp
   446 | D        | Killed a spriggan
   446 | D        | Killed a spriggan
   446 | D        | Killed a wolf
   448 | D        | Killed a spriggan
   451 | D        | Killed a black bear
   467 | D        | Identified the Almanac of Cloudy Battle Magic (You found it in the Dungeon)
   468 | D        | Got the ring "Koiggoukk" {Fire rElec MR+ Str-3}
   509 | D        | Entered arena 9.
   509 | D        | Noticed a merfolk
   509 | D        | Noticed a merfolk
   509 | D        | Noticed a centaur
   509 | D        | Noticed a merfolk
   509 | D        | Noticed a merfolk
   509 | D        | Noticed a hippogriff
   510 | D        | Killed a hippogriff
   512 | D        | Killed a merfolk
   512 | D        | Reached skill level 16 in Polearms
   512 | D        | Killed a merfolk
   512 | D        | Killed a merfolk
   516 | D        | Killed a merfolk
   520 | D        | Killed a centaur
   688 | D        | Entered arena 10.
   688 | D        | Noticed a yaktaur
   688 | D        | Noticed a centaur
   688 | D        | Noticed a centaur
   688 | D        | Noticed a yaktaur
   688 | D        | Noticed a yaktaur
   688 | D        | Noticed a cyclops
   688 | D        | Noticed a centaur warrior
   688 | D        | Noticed a cyclops
   688 | D        | Noticed a yaktaur
   689 | D        | Killed a centaur
   689 | D        | Killed a yaktaur
   689 | D        | Reached skill level 17 in Polearms
   689 | D        | Killed a cyclops
   689 | D        | Reached XP level 11. HP: 83/98 MP: 12/28
   696 | D        | Killed a cyclops
   705 | D        | Killed a centaur warrior
   705 | D        | Reached skill level 18 in Polearms
   705 | D        | Killed a yaktaur
   708 | D        | Killed a yaktaur
   711 | D        | Killed a centaur
   715 | D        | Killed a yaktaur
   785 | D        | Entered arena 11.
   785 | D        | Noticed a merfolk impaler
   785 | D        | Noticed a merfolk aquamancer
   785 | D        | Noticed a merfolk aquamancer
   785 | D        | Noticed a merfolk aquamancer
   785 | D        | Noticed a merfolk
   785 | D        | Noticed an alligator snapping turtle
   785 | D        | Noticed a merfolk javelineer
   785 | D        | Noticed a cyclops
   785 | D        | Noticed a merfolk impaler
   787 | D        | Noticed a wind drake
   788 | D        | Killed a merfolk aquamancer
   788 | D        | Reached skill level 5 in Evocations
   788 | D        | Killed a merfolk
   789 | D        | Killed a merfolk aquamancer
   792 | D        | Killed a merfolk impaler
   797 | D        | Killed a merfolk impaler
   807 | D        | Killed a wind drake
   819 | D        | Killed a cyclops
   825 | D        | Killed a merfolk aquamancer
   828 | D        | Killed an alligator snapping turtle
   828 | D        | Reached XP level 12. HP: 76/108 MP: 7/29
   834 | D        | Killed a merfolk javelineer
   861 | D        | Identified the Almanac of Creative Attacks (You found it in the Dungeon)
   871 | D        | Got the ring "Viuq" {rPois MP+9 Dex+2 Stlth+}
   961 | D        | Entered arena 12.
   961 | D        | Noticed a slime creature
   961 | D        | Noticed a slime creature
   961 | D        | Noticed a golden eye
   961 | D        | Noticed a great orb of eyes
   961 | D        | Noticed an acid blob
   961 | D        | Noticed a giant orange brain
   961 | D        | Noticed a death ooze
   961 | D        | Noticed a death ooze
   962 | D        | Killed a golden eye
   964 | D        | Noticed a slime creature
   965 | D        | Noticed a shining eye
   965 | D        | Noticed a slime creature
   965 | D        | Killed a slime creature
   966 | D        | Killed a death ooze
   967 | D        | Killed a shining eye
   967 | D        | Killed a great orb of eyes
   967 | D        | Killed a death ooze
   968 | D        | Killed a slime creature
   969 | D        | Killed a giant orange brain
   969 | D        | Reached skill level 10 in Throwing
   973 | D        | Killed an acid blob
   974 | D        | Killed a slime creature
   978 | D        | Killed a slime creature
   989 | D        | Learned a level 1 spell: Apportation
   992 | D        | Learned a level 2 spell: Blink
  1100 | D        | Entered arena 13.
  1100 | D        | Noticed an orc knight
  1101 | D        | Noticed an orc warlord
  1102 | D        | Noticed an orc knight
  1107 | D        | Killed an orc warlord
  1108 | D        | Killed an orc knight
  1114 | D        | Killed an orc knight
  1143 | D        | Identified Lehudib's Catalogue of Pyromania (You found it in the Dungeon)
  1166 | D        | Entered arena 14.
  1166 | D        | Noticed a wight
  1166 | D        | Noticed a flayed ghost
  1166 | D        | Noticed a vampire
  1167 | D        | Noticed a wraith
  1167 | D        | Killed a wight
  1167 | D        | Noticed a hellion
  1168 | D        | Noticed a wraith
  1168 | D        | Killed a wraith
  1168 | D        | Killed a flayed ghost
  1169 | D        | Noticed a vampire
  1169 | D        | Noticed a red devil
  1169 | D        | Noticed a wight
  1169 | D        | Noticed a tormentor
  1169 | D        | Killed a wraith
  1169 | D        | Killed a red devil
  1169 | D        | Reached XP level 13. HP: 89/114 MP: 22/31
  1169 | D        | Killed a wight
  1169 | D        | Killed a hellion
  1170 | D        | Killed a tormentor
  1172 | D        | Noticed a vampire
  1181 | D        | Killed a vampire
  1188 | D        | Killed a vampire
  1190 | D        | Got the ring of Mousuqum {rElec rPois rF++ MR+ Dex+4 Stlth-}
  1200 | D        | Killed a vampire
  1217 | D        | Identified Xiagoos' Guide on Confrontation and Flight (You found it in the Dungeon)
  1254 | D        | Entered arena 15.
  1254 | D        | Noticed a rust devil
  1254 | D        | Noticed a hellion
  1254 | D        | Noticed an iron imp
  1255 | D        | Noticed a phantasmal warrior
  1255 | D        | Noticed a hellion
  1255 | D        | Noticed a tormentor
  1256 | D        | Noticed a reaper
  1256 | D        | Noticed a tormentor
  1256 | D        | Noticed a reaper
  1256 | D        | Killed a tormentor
  1256 | D        | Killed an iron imp
  1256 | D        | Killed a hellion
  1257 | D        | Killed a hellion
  1258 | D        | Killed a tormentor
  1259 | D        | Noticed a skeletal warrior
  1259 | D        | Noticed a blue devil
  1259 | D        | Noticed an iron imp
  1260 | D        | Killed a phantasmal warrior
  1265 | D        | Killed a reaper
  1265 | D        | Reached skill level 15 in Evocations
  1269 | D        | Killed a rust devil
  1272 | D        | Killed an iron imp
  1284 | D        | Killed a blue devil
  1302 | D        | Killed a skeletal warrior
  1302 | D        | Reached skill level 19 in Invocations
  1321 | D        | Killed a reaper
  1396 | D        | Entered arena 16.
  1403 | D        | Noticed a deep elf priest
  1404 | D        | Noticed a deep elf summoner
  1404 | D        | Noticed a deep elf mage
  1404 | D        | Killed a deep elf mage
  1404 | D        | Killed a deep elf fighter
  1404 | D        | Killed a deep elf priest
  1405 | D        | Noticed a deep elf master archer
  1405 | D        | Noticed a deep elf conjurer
  1405 | D        | Killed a deep elf conjurer
  1406 | D        | Noticed a deep elf annihilator
  1406 | D        | Killed a deep elf summoner
  1406 | D        | Killed a deep elf master archer
  1406 | D        | Reached skill level 20 in Invocations
  1407 | D        | Noticed a deep elf fighter
  1407 | D        | Killed a deep elf annihilator
  1409 | D        | Noticed a deep elf sorcerer
  1409 | D        | Noticed a deep elf annihilator
  1410 | D        | Noticed a deep elf high priest
  1411 | D        | Noticed a deep elf sorcerer
  1411 | D        | Killed a deep elf annihilator
  1412 | D        | Noticed a deep elf master archer
  1412 | D        | Killed a deep elf high priest
  1412 | D        | Killed a deep elf fighter
  1412 | D        | Killed a deep elf sorcerer
  1412 | D        | Reached skill level 21 in Invocations
  1412 | D        | Killed a deep elf master archer
  1412 | D        | Killed a deep elf sorcerer
  1412 | D        | Reached XP level 14. HP: 59/121 MP: 22/35
  1504 | D        | Entered arena 17.
  1512 | D        | Noticed an ice devil
  1512 | D        | Noticed an ice beast
  1512 | D        | Noticed an ice devil
  1513 | D        | Noticed a blue devil
  1517 | D        | Noticed an ice beast
  1517 | D        | Noticed a wraith
  1517 | D        | Noticed an ice devil
  1517 | D        | Killed an ice beast
  1518 | D        | Noticed a wraith
  1520 | D        | Noticed a vampire
  1522 | D        | Noticed a freezing wraith
  1522 | D        | Killed an ice devil
  1522 | D        | Reached skill level 15 in Fighting
  1523 | D        | Noticed a shadow
  1525 | D        | Noticed a shadow
  1526 | D        | Noticed a blue devil
  1544 | D        | Killed an ice devil
  1554 | D        | Killed an ice devil
  1558 | D        | Killed a freezing wraith
  1561 | D        | Killed an ice beast
  1569 | D        | Killed a wraith
  1575 | D        | Killed a blue devil
  1581 | D        | Killed a blue devil
  1583 | D        | Killed a shadow
  1595 | D        | Killed a shadow
  1599 | D        | Killed a wraith
  1607 | D        | Killed a vampire
  1630 | D        | Got the ring "Muzul" {Dex+2 SInv}
  1651 | D        | Entered arena 18.
  1651 | D        | Noticed an iron imp
  1652 | D        | Noticed an iron imp
  1652 | D        | Killed an iron imp
  1653 | D        | Noticed a hell hound
  1653 | D        | Noticed a skeletal warrior
  1654 | D        | Killed a hell hound
  1655 | D        | Noticed an iron imp
  1655 | D        | Noticed a reaper
  1655 | D        | Noticed a rust devil
  1656 | D        | Noticed an iron imp
  1657 | D        | Noticed an ice devil
  1658 | D        | Killed an iron imp
  1659 | D        | Noticed a rust devil
  1659 | D        | Noticed a hell hound
  1659 | D        | Noticed a red devil
  1659 | D        | Noticed an iron imp
  1660 | D        | Noticed an iron imp
  1661 | D        | Noticed a wight
  1661 | D        | Noticed an iron imp
  1662 | D        | Killed a wight
  1662 | D        | Killed an iron imp
  1662 | D        | Killed an iron imp
  1662 | D        | Killed an iron imp
  1662 | D        | Killed a rust devil
  1662 | D        | Killed an iron imp
  1662 | D        | Killed a red devil
  1662 | D        | Killed a rust devil
  1665 | D        | Killed an iron imp
  1665 | D        | Killed a hell hound
  1672 | D        | Killed an ice devil
  1674 | D        | Killed a skeletal warrior
  1689 | D        | Killed a reaper
  1727 | D        | Got the ring "Ichion" {rPois rC+ rN+++ Int+4 Dex+5}
  1729 | D        | Entered arena 19.
  1739 | D        | Noticed a ghoul
  1748 | D        | Killed a ghoul
  1748 | D        | Reached skill level 10 in Shields
  1749 | D        | Noticed a soul eater
  1749 | D        | Noticed a soul eater
  1749 | D        | Noticed a soul eater
  1749 | D        | Noticed a shadow dragon
  1750 | D        | Noticed a soul eater
  1752 | D        | Noticed a soul eater
  1752 | D        | Noticed a soul eater
  1752 | D        | Noticed a soul eater
  1754 | D        | Noticed a shadow dragon
  1755 | D        | Noticed a soul eater
  1760 | D        | Killed a soul eater
  1760 | D        | Killed a soul eater
  1760 | D        | Killed a soul eater
  1760 | D        | Killed a soul eater
  1760 | D        | Killed a soul eater
  1760 | D        | Killed a shadow dragon
  1763 | D        | Killed a soul eater
  1771 | D        | Killed a soul eater
  1779 | D        | Killed a shadow dragon
  1790 | D        | Killed a soul eater
  1790 | D        | Reached skill level 15 in Shields
  1846 | D        | Entered arena 20.
  1853 | D        | Noticed an Ice Fiend
  1854 | D        | Noticed an ice devil
  1854 | D        | Noticed a blizzard demon
  1854 | D        | Noticed an Ice Fiend
  1855 | D        | Noticed an Ice Fiend
  1855 | D        | Noticed a freezing wraith
  1856 | D        | Noticed a freezing wraith
  1856 | D        | Noticed an ice devil
  1856 | D        | Killed a freezing wraith
  1857 | D        | Noticed an ice dragon
  1858 | D        | Noticed a frost giant
  1858 | D        | Noticed an ice beast
  1858 | D        | Killed an ice devil
  1858 | D        | Killed a frost giant
  1859 | D        | Noticed an Ice Fiend
  1859 | D        | Noticed a polar bear
  1859 | D        | Killed an Ice Fiend
  1860 | D        | Killed a polar bear
  1860 | D        | Killed an ice devil
  1860 | D        | Killed a freezing wraith
  1860 | D        | Killed a polar bear
  1860 | D        | Killed an Ice Fiend
  1860 | D        | Killed an Ice Fiend
  1860 | D        | Reached XP level 15. HP: 41/130 MP: 27/36
  1860 | D        | Killed an ice dragon
  1860 | D        | Killed an ice beast
  1860 | D        | Killed an ice dragon
  1860 | D        | Killed a blizzard demon
  1860 | D        | Killed a freezing wraith
  1860 | D        | Killed an Ice Fiend
  1863 | D        | Noticed an Ice Fiend
  1863 | D        | Noticed an Ice Fiend
  1868 | D        | Killed an Ice Fiend
  1875 | D        | Noticed an ice beast
  1894 | D        | Killed an Ice Fiend
  1897 | D        | Killed an ice beast
  2023 | D        | Got the amulet of Kuocuf {rCorr rPois rF+ Str-3 Slay+2}
  2029 | D        | Got the amulet "Wastroz" {rMut -Tele rC++ Stlth+}
  2052 | D        | Entered arena 21.
  2061 | D        | Noticed a hell hound
  2062 | D        | Noticed a tormentor
  2062 | D        | Noticed a hell hound
  2062 | D        | Killed a hell hound
  2062 | D        | Killed a hell hound
  2063 | D        | Killed a tormentor
  2064 | D        | Noticed a red devil
  2064 | D        | Noticed a vampire
  2064 | D        | Noticed a red devil
  2065 | D        | Noticed a tormentor
  2065 | D        | Noticed a wraith
  2065 | D        | Killed a vampire
  2066 | D        | Noticed a wraith
  2068 | D        | Noticed a red devil
  2068 | D        | Killed a tormentor
  2068 | D        | Killed a wraith
  2068 | D        | Killed a wraith
  2069 | D        | Noticed a flying skull
  2070 | D        | Noticed a balrug
  2072 | D        | Noticed a hell hog
  2076 | D        | Noticed a reaper
  2076 | D        | Killed a flying skull
  2078 | D        | Noticed a hellion
  2079 | D        | Killed a red devil
  2082 | D        | Killed a hellion
  2082 | D        | Reached skill level 22 in Invocations
  2082 | D        | Killed a reaper
  2082 | D        | Killed a red devil
  2088 | D        | Killed a hell hog
  2090 | D        | Killed a red devil
  2096 | D        | Killed a balrug
  2131 | D        | Got the amulet "Alesaud" {Gourm +Blink rF++ MP+9 Int-5}
  2378 | D        | Entered arena 22.
  2389 | D        | Noticed a blue devil
  2389 | D        | Noticed a wraith
  2390 | D        | Noticed a rust devil
  2391 | D        | Noticed a reaper
  2393 | D        | Noticed an ice devil
  2393 | D        | Noticed an iron imp
  2393 | D        | Noticed a hellion
  2393 | D        | Noticed a rust devil
  2393 | D        | Noticed an iron imp
  2394 | D        | Killed a hellion
  2394 | D        | Killed an iron imp
  2395 | D        | Noticed a rust devil
  2396 | D        | Noticed a reaper
  2397 | D        | Noticed a rust devil
  2398 | D        | Noticed a rust devil
  2398 | D        | Noticed a tormentor
  2401 | D        | Killed an iron imp
  2401 | D        | Killed a rust devil
  2402 | D        | Noticed a tormentor
  2402 | D        | Noticed an ice devil
  2402 | D        | Killed a tormentor
  2402 | D        | Killed a rust devil
  2402 | D        | Killed a rust devil
  2402 | D        | Reached skill level 10 in Armour
  2402 | D        | Killed a rust devil
  2403 | D        | Noticed a blue devil
  2403 | D        | Killed a tormentor
  2404 | D        | Noticed a reaper
  2404 | D        | Noticed a rust devil
  2404 | D        | Noticed a tormentor
  2404 | D        | Killed an iron imp
  2405 | D        | Killed a tormentor
  2406 | D        | Noticed a rust devil
  2407 | D        | Noticed an iron imp
  2409 | D        | Noticed an iron imp
  2410 | D        | Killed a blue devil
  2411 | D        | Killed a wraith
  2412 | D        | Noticed an iron imp
  2414 | D        | Noticed an iron imp
  2417 | D        | Killed a rust devil
  2420 | D        | Killed an ice devil
  2423 | D        | Killed a rust devil
  2435 | D        | Killed a rust devil
  2437 | D        | Killed an iron imp
  2437 | D        | Killed a reaper
  2437 | D        | Killed a blue devil
  2438 | D        | Killed an iron imp
  2439 | D        | Killed an iron imp
  2442 | D        | Killed an ice devil
  2443 | D        | Killed a reaper
  2444 | D        | Killed an iron imp
  2452 | D        | Killed a reaper
  2468 | D        | Got the ring of the Evil One {Ice Int+3}
  2702 | D        | Entered arena 23.
  2716 | D        | Noticed a soul eater
  2717 | D        | Noticed a ghoul
  2717 | D        | Noticed a soul eater
  2717 | D        | Noticed a shadow dragon
  2717 | D        | Noticed a ghoul
  2720 | D        | Noticed a soul eater
  2725 | D        | Noticed a soul eater
  2726 | D        | Noticed a soul eater
  2726 | D        | Noticed a ghoul
  2726 | D        | Killed a soul eater
  2727 | D        | Noticed a shadow
  2728 | D        | Noticed a ghoul
  2729 | D        | Noticed a ghoul
  2729 | D        | Killed a shadow
  2731 | D        | Noticed a ghoul
  2733 | D        | Killed a ghoul
  2733 | D        | Killed a ghoul
  2734 | D        | Noticed a shadow dragon
  2734 | D        | Noticed a Shadow Fiend
  2735 | D        | Noticed a ghoul
  2736 | D        | Noticed a shadow dragon
  2737 | D        | Killed a ghoul
  2738 | D        | Noticed an ice devil
  2739 | D        | Noticed a reaper
  2740 | D        | Noticed a soul eater
  2743 | D        | Noticed a shadow
  2743 | D        | Noticed a soul eater
  2745 | D        | Killed a Shadow Fiend
  2745 | D        | Killed a ghoul
  2745 | D        | Reached skill level 15 in Throwing
  2745 | D        | Killed a soul eater
  2745 | D        | Killed an ice devil
  2745 | D        | Killed a ghoul
  2745 | D        | Killed a shadow
  2745 | D        | Reached XP level 16. HP: 63/144 MP: 34/37
  2745 | D        | Killed a soul eater
  2745 | D        | Killed a shadow dragon
  2745 | D        | Killed a shadow dragon
  2745 | D        | Killed a soul eater
  2745 | D        | Killed a soul eater
  2745 | D        | Killed a soul eater
  2745 | D        | Killed a reaper
  2745 | D        | Killed a ghoul
  2745 | D        | Killed a ghoul
  2746 | D        | Noticed a blue devil
  2746 | D        | Killed a soul eater
  2749 | D        | Killed a shadow dragon
  2757 | D        | Killed a blue devil
  2774 | D        | Got the amulet "Giyhere" {Gourm rF+}
  2783 | D        | Got the ring of Ximoifi {rN+ AC+2}
  3044 | D        | Entered arena 24.
  3058 | D        | Noticed a hell knight
  3060 | D        | Noticed a hell hog
  3063 | D        | Noticed a shadow
  3063 | D        | Noticed a hell hound
  3063 | D        | Killed a hell knight
  3066 | D        | Noticed a tormentor
  3068 | D        | Noticed a hellion
  3068 | D        | Noticed a hell hog
  3068 | D        | Killed a tormentor
  3068 | D        | Killed a hellion
  3071 | D        | Killed a hell hog
  3072 | D        | Killed a hell hound
  3072 | D        | Reached skill level 23 in Invocations
  3076 | D        | Noticed a hellion
  3077 | D        | Noticed a hellion
  3078 | D        | Killed a hellion
  3079 | D        | Noticed a hell hound
  3079 | D        | Killed a hell hound
  3079 | D        | Killed a hellion
  3080 | D        | Killed a hell hog
  3081 | D        | Noticed a hellion
  3081 | D        | Killed a hellion
  3081 | D        | Killed a red devil
  3084 | D        | Killed a shadow
  3089 | D        | Noticed a balrug
  3089 | D        | Noticed a hell hound
  3091 | D        | Noticed a necrophage
  3092 | D        | Noticed a red devil
  3092 | D        | Noticed a tormentor
  3092 | D        | Noticed a wight
  3100 | D        | Killed a tormentor
  3100 | D        | Killed a necrophage
  3100 | D        | Killed a wight
  3102 | D        | Killed a balrug
  3106 | D        | Killed a hell hound
  3119 | D        | Killed a red devil
  3328 | D        | Entered arena 25.
  3342 | D        | Noticed an azure jelly
  3343 | D        | Noticed a slime creature
  3344 | D        | Noticed an azure jelly
  3344 | D        | Noticed an acid blob
  3344 | D        | Noticed an acid blob
  3344 | D        | Noticed a shining eye
  3345 | D        | Noticed an azure jelly
  3345 | D        | Noticed an azure jelly
  3346 | D        | Killed a slime creature
  3346 | D        | Reached skill level 24 in Invocations
  3347 | D        | Noticed a shining eye
  3347 | D        | Noticed an acid blob
  3347 | D        | Killed a shining eye
  3347 | D        | Killed a shining eye
  3347 | D        | Killed an acid blob
  3347 | D        | Killed an eye of devastation
  3348 | D        | Noticed a jelly
  3348 | D        | Noticed an azure jelly
  3348 | D        | Noticed a jelly
  3348 | D        | Killed an azure jelly
  3348 | D        | Reached skill level 25 in Invocations
  3348 | D        | Killed an acid blob
  3349 | D        | Killed a jelly
  3349 | D        | Noticed an azure jelly
  3350 | D        | Noticed a slime creature
  3350 | D        | Noticed a shining eye
  3350 | D        | Noticed a slime creature
  3351 | D        | Noticed an azure jelly
  3351 | D        | Noticed an azure jelly
  3351 | D        | Noticed an acid blob
  3351 | D        | Noticed a giant orange brain
  3351 | D        | Killed an azure jelly
  3351 | D        | Killed a jelly
  3352 | D        | Noticed a slime creature
  3352 | D        | Noticed a jelly
  3354 | D        | Noticed a shining eye
  3354 | D        | Noticed a very large slime creature
  3354 | D        | Noticed an acid blob
  3354 | D        | Noticed an acid blob
  3354 | D        | Noticed an azure jelly
  3354 | D        | Noticed an eye of devastation
  3354 | D        | Killed a giant orange brain
  3355 | D        | Noticed a jelly
  3356 | D        | Killed a slime creature
  3357 | D        | Killed an azure jelly
  3357 | D        | Reached skill level 26 in Invocations
  3357 | D        | Killed an azure jelly
  3358 | D        | Killed a shining eye
  3358 | D        | Killed an azure jelly
  3358 | D        | Killed an azure jelly
  3358 | D        | Killed a jelly
  3359 | D        | Noticed an acid blob
  3359 | D        | Noticed a great orb of eyes
  3361 | D        | Noticed a great orb of eyes
  3361 | D        | Killed an acid blob
  3361 | D        | Reached skill level 27 in Invocations
  3361 | D        | Killed a jelly
  3363 | D        | Noticed a slime creature
  3363 | D        | Killed a golden eye
  3364 | D        | Noticed a slime creature
  3364 | D        | Noticed a death ooze
  3364 | D        | Killed an acid blob
  3364 | D        | Killed a shining eye
  3365 | D        | Noticed an eye of devastation
  3365 | D        | Killed an eye of devastation
  3365 | D        | Killed an acid blob
  3366 | D        | Killed an azure jelly
  3366 | D        | Killed a death ooze
  3367 | D        | Noticed an eye of draining
  3367 | D        | Killed an azure jelly
  3367 | D        | Reached XP level 17. HP: 93/155 MP: 34/39
  3367 | D        | Killed a slime creature
  3368 | D        | Noticed a death ooze
  3368 | D        | Killed an acid blob
  3369 | D        | Killed an azure jelly
  3369 | D        | Killed an acid blob
  3370 | D        | Noticed a death ooze
  3370 | D        | Noticed a slime creature
  3370 | D        | Killed a slime creature
  3370 | D        | Killed a large slime creature
  3371 | D        | Killed a great orb of eyes
  3372 | D        | Noticed a slime creature
  3372 | D        | Killed a slime creature
  3372 | D        | Killed a slime creature
  3373 | D        | Identified a +4 rod of destruction (14/14) (You found it in the Dungeon)
  3373 | D        | Killed a slime creature
  3374 | D        | Killed a slime creature
  3375 | D        | Killed a great orb of eyes
  3375 | D        | Killed a death ooze
  3375 | D        | Killed a slime creature
  3376 | D        | Killed a slime creature
  3376 | D        | Killed a slime creature
  3377 | D        | Noticed a shining eye
  3379 | D        | Noticed a shining eye
  3379 | D        | Killed a death ooze
  3380 | D        | Killed a slime creature
  3382 | D        | Killed an eye of draining
  3385 | D        | Killed an eye of devastation
  3387 | D        | Killed a shining eye
  3389 | D        | Killed a shining eye
  3409 | D        | Got the ring "Tietoy" {rElec rC+ Stlth-}
  3434 | D        | Got the ring "Waewk" {rF+ MR+}
  3646 | D        | Entered arena 26.
  3666 | D        | Noticed an acid blob
  3668 | D        | Noticed a jelly
  3672 | D        | Noticed a death ooze
  3672 | D        | Killed a death ooze
  3673 | D        | Killed an acid blob
  3674 | D        | Noticed a death ooze
  3675 | D        | Killed a death ooze
  3676 | D        | Noticed an acid blob
  3676 | D        | Noticed an acid blob
  3677 | D        | Noticed an azure jelly
  3677 | D        | Noticed a slime creature
  3678 | D        | Noticed a slime creature
  3679 | D        | Noticed a shining eye
  3679 | D        | Noticed an acid blob
  3679 | D        | Noticed an acid blob
  3679 | D        | Noticed an eye of devastation
  3679 | D        | Noticed a slime creature
  3681 | D        | Noticed a death ooze
  3682 | D        | Killed a slime creature
  3683 | D        | Killed a shining eye
  3684 | D        | Noticed a jelly
  3684 | D        | Noticed an azure jelly
  3684 | D        | Noticed a slime creature
  3684 | D        | Noticed a large slime creature
  3686 | D        | Noticed an acid blob
  3686 | D        | Noticed a slime creature
  3686 | D        | Killed a jelly
  3687 | D        | Noticed a slime creature
  3688 | D        | Noticed an azure jelly
  3688 | D        | Killed an acid blob
  3689 | D        | Killed a slime creature
  3689 | D        | Killed an eye of devastation
  3690 | D        | Noticed a golden eye
  3690 | D        | Killed an azure jelly
  3691 | D        | Noticed a slime creature
  3691 | D        | Killed a golden eye
  3692 | D        | Killed a jelly
  3692 | D        | Killed an acid blob
  3692 | D        | Killed an acid blob
  3693 | D        | Noticed an azure jelly
  3693 | D        | Killed an acid blob
  3694 | D        | Noticed a death ooze
  3694 | D        | Noticed an acid blob
  3695 | D        | Noticed a great orb of eyes
  3695 | D        | Noticed a shining eye
  3695 | D        | Killed a death ooze
  3696 | D        | Noticed an eye of devastation
  3698 | D        | Killed an acid blob
  3698 | D        | Killed a slime creature
  3698 | D        | Killed an eye of devastation
  3698 | D        | Killed a death ooze
  3698 | D        | Killed an acid blob
  3698 | D        | Reached skill level 27 in Evocations
  3701 | D        | Killed an azure jelly
  3703 | D        | Killed a large slime creature
  3705 | D        | Killed a slime creature
  3709 | D        | Killed a shining eye
  3711 | D        | Noticed a jelly
  3711 | D        | Killed a very large slime creature
  3712 | D        | Killed a jelly
  3716 | D        | Killed an azure jelly
  3717 | D        | Killed an azure jelly
  3718 | D        | Killed a great orb of eyes
  3721 | D        | Killed a very large slime creature
  3723 | D        | Noticed a slime creature
  3723 | D        | Killed a very large slime creature
  3724 | D        | Noticed a slime creature
  3725 | D        | Noticed an acid blob
  3726 | D        | Noticed a great orb of eyes
  3726 | D        | Noticed a giant orange brain
  3728 | D        | Noticed a slime creature
  3728 | D        | Killed an acid blob
  3730 | D        | Noticed a slime creature
  3730 | D        | Noticed a slime creature
  3732 | D        | Noticed a slime creature
  3732 | D        | Noticed an acid blob
  3732 | D        | Killed a slime creature
  3733 | D        | Noticed a slime creature
  3734 | D        | Noticed a slime creature
  3736 | D        | Killed a slime creature
  3737 | D        | Noticed a slime creature
  3737 | D        | Killed a giant orange brain
  3741 | D        | Killed a great orb of eyes
  3744 | D        | Noticed an eye of draining
  3745 | D        | Killed a large slime creature
  3750 | D        | Killed a titanic slime creature
  3752 | D        | Killed an acid blob
  3757 | D        | Killed an eye of draining
  3758 | D        | Noticed an azure jelly
  3763 | D        | Killed an azure jelly
  3806 | D        | Got the ring of Xygredu {SustAb +Blink rC+ Str+2}
  3816 | D        | Entered arena 27.
  3838 | D        | Noticed an anaconda
  3838 | D        | Noticed a naga
  3838 | D        | Noticed a guardian serpent
  3838 | D        | Noticed a water moccasin
  3838 | D        | Noticed a kraken
  3838 | D        | Noticed an anaconda
  3839 | D        | Noticed an anaconda
  3839 | D        | Noticed an anaconda
  3839 | D        | Noticed a greater naga
  3839 | D        | Noticed a kraken
  3839 | D        | Noticed an anaconda
  3839 | D        | Noticed a naga
  3839 | D        | Noticed a naga warrior
  3839 | D        | Noticed a water moccasin
  3839 | D        | Noticed an anaconda
  3839 | D        | Noticed a water moccasin
  3839 | D        | Noticed a naga mage
  3840 | D        | Noticed a guardian serpent
  3840 | D        | Noticed a water moccasin
  3840 | D        | Noticed an anaconda
  3840 | D        | Noticed a naga
  3840 | D        | Noticed a water moccasin
  3840 | D        | Noticed a naga
  3840 | D        | Noticed a greater naga
  3840 | D        | Noticed a greater naga
  3840 | D        | Noticed a water moccasin
  3840 | D        | Noticed a guardian serpent
  3840 | D        | Noticed a water moccasin
  3841 | D        | Killed a water moccasin
  3841 | D        | Killed a naga
  3841 | D        | Killed an anaconda
  3841 | D        | Killed a water moccasin
  3841 | D        | Killed a naga mage
  3841 | D        | Killed a black mamba
  3841 | D        | Killed a naga
  3841 | D        | Killed a guardian serpent
  3841 | D        | Killed a water moccasin
  3841 | D        | Killed an anaconda
  3841 | D        | Killed a water moccasin
  3841 | D        | Killed an anaconda
  3841 | D        | Killed a greater naga
  3841 | D        | Killed a naga
  3841 | D        | Killed a naga
  3841 | D        | Killed a water moccasin
  3841 | D        | Killed an anaconda
  3841 | D        | Killed an anaconda
  3841 | D        | Killed a guardian serpent
  3841 | D        | Reached XP level 18. HP: 162/162 MP: 40/40
  3841 | D        | Killed a guardian serpent
  3841 | D        | Noticed an anaconda
  3842 | D        | Noticed an anaconda
  3842 | D        | Noticed a naga
  3843 | D        | Noticed a water moccasin
  3843 | D        | Noticed a naga mage
  3843 | D        | Noticed a naga mage
  3843 | D        | Noticed a greater naga
  3844 | D        | Noticed a naga
  3844 | D        | Killed a naga mage
  3844 | D        | Killed a greater naga
  3844 | D        | Killed a naga mage
  3844 | D        | Killed a naga mage
  3844 | D        | Killed a guardian serpent
  3844 | D        | Killed a water moccasin
  3844 | D        | Killed a kraken
  3844 | D        | Killed a water moccasin
  3844 | D        | Killed a naga
  3844 | D        | Killed a naga
  3844 | D        | Killed a water moccasin
  3844 | D        | Killed a guardian serpent
  3844 | D        | Killed an anaconda
  3844 | D        | Killed a water moccasin
  3844 | D        | Killed an anaconda
  3844 | D        | Killed an anaconda
  3844 | D        | Killed a greater naga
  3844 | D        | Killed a naga warrior
  3844 | D        | Killed a greater naga
  3844 | D        | Noticed a naga
  3845 | D        | Noticed a naga
  3845 | D        | Noticed an anaconda
  3845 | D        | Noticed a naga mage
  3847 | D        | Killed a kraken
  3849 | D        | Noticed a greater naga
  3850 | D        | Noticed a greater naga
  3850 | D        | Killed an anaconda
  3851 | D        | Noticed a naga mage
  3851 | D        | Killed a naga mage
  3851 | D        | Reached skill level 27 in Shields
  3851 | D        | Killed a naga
  3852 | D        | Noticed a naga
  3852 | D        | Noticed a greater naga
  3852 | D        | Killed an anaconda
  3853 | D        | Noticed a greater naga
  3853 | D        | Noticed a naga mage
  3853 | D        | Noticed a naga warrior
  3856 | D        | Killed a naga
  3858 | D        | Killed a naga
  3859 | D        | Noticed a naga
  3863 | D        | Killed a greater naga
  3871 | D        | Killed a naga mage
  3875 | D        | Killed a naga
  3875 | D        | Killed a naga warrior
  3876 | D        | Killed a greater naga
  3877 | D        | Killed a greater naga
  3879 | D        | Killed a naga mage
  3882 | D        | Killed a greater naga
  3933 | D        | Got the ring of Utog {rElec rPois Stlth+}
  3976 | D        | Got the ring of the Unkillable {+Fly rPois rN+ Slay+3 Stlth+}
  4118 | D        | Got the Orb of Zot
  5472 | D        | Noticed Hairer the pandemonium lord
  5472 | D        | Noticed an Ice Fiend
  5475 | D        | Killed an Ice Fiend
  5475 | D        | Killed Hairer the pandemonium lord
  5933 | D        | Noticed Oxeotyku the pandemonium lord
  5933 | D        | Noticed a lich
  5934 | D        | Killed Oxeotyku the pandemonium lord
  5947 | D        | Killed a lich
  7128 | D        | Reached skill level 27 in Polearms
  7908 | D        | Noticed Moataliz the pandemonium lord
  7929 | D        | Killed Moataliz the pandemonium lord
  7966 | D        | Noticed Uroidung the pandemonium lord
  7977 | D        | Reached XP level 19. HP: 175/185 MP: 41/41
  8010 | D        | Killed Uroidung the pandemonium lord
  8010 | D        | Reached skill level 27 in Fighting
  8763 | D        | Reached skill level 15 in Armour
  9870 | D        | Escaped with the Orb!

Action                   |  1- 3 |  4- 6 |  7- 9 | 10-12 | 13-15 | 16-18 | 19-21 || total
-------------------------+-------+-------+-------+-------+-------+-------+-------++-------
Melee: Lance             |    12 |    20 |    54 |    93 |   350 |   246 |    60 ||   835
Throw: Javelin           |       |       |       |       |    27 |    34 |    23 ||    84
Invok: Upheaval          |       |       |     1 |    16 |    32 |    10 |       ||    59
       Disaster Area     |       |       |       |       |     4 |     4 |     1 ||     9
Evoke: Wand              |       |       |       |     7 |     2 |     7 |       ||    16
       Lamp of fire      |       |       |       |     1 |     2 |    12 |       ||    15
       Rod               |       |       |       |       |     3 |    20 |       ||    23
       Deck              |       |       |       |       |     2 |     9 |       ||    11
       Phial of floods   |       |       |       |       |     1 |    17 |       ||    18
       Stone of tremors  |       |       |       |       |       |     5 |       ||     5
  Use: Potion            |     1 |       |       |     1 |     1 |    12 |     7 ||    22
       Scroll            |       |       |       |       |    12 |       |       ||    12
 Stab: Distracted        |       |     1 |       |       |       |     3 |       ||     4
       Invisible         |       |       |       |       |       |     1 |       ||     1
  Eat: Chunk             |       |       |       |    25 |     5 |     3 |       ||    33
       Royal jelly       |       |       |       |       |     3 |       |       ||     3
       Meat ration       |       |       |       |       |       |     2 |     2 ||     4
